 Dungeon Crawl Stone Soup version 0.31-a0-339-gda1cbd555d (webtiles) character file.

Game seed: 1400105874386109243

2244 bmack86 the Cleaver (level 9, -3/70 HPs)
             Began as a Minotaur Fighter on July 20, 2023.
             Was a Follower of Trog.
             Slain by Maggie
             ... wielding a +2 morningstar of flaming
              (6 damage)
             ... on level 7 of the Dungeon.
             The game lasted 00:12:38 (6066 turns).

bmack86 the Cleaver (Minotaur Fighter)              Turns: 6066, Time: 00:12:40

Health: -3/70      AC: 11    Str: 26    XL:     9   Next: 14%
Magic:  8/8        EV:  8    Int: 11    God:    Trog [*.....]
Gold:   312        SH:  4    Dex:  9    Spells: 8/8 levels left

rFire   . . .        a - +0 war axe (heavy)
rCold   + . .        c - +0 buckler
rNeg    . . .        r - +0 chain mail
rPois   .            f - +1 hat
rElec   .            (no cloak)
rCorr   .            t - +0 pair of gloves
SInv    .            (no boots)
Will    .....        (no amulet) Stlth
                     e - ring of protection from cold
HPRegen 0.31/turn    l - +6 ring of intelligence
MPRegen 0.11/turn

%: no passive effects
@: mesmerised
A: horns 2, retaliatory headbutt
a: Renounce Religion, Berserk


You were on level 7 of the Dungeon.
You worshipped Trog.
Trog was aware of your devotion.
You visited 2 branches of the dungeon, and saw 8 of its levels.

You collected 340 gold pieces.
You spent 28 gold pieces at shops.

Inventory:

Hand Weapons
 a - a +0 heavy war axe (weapon)
Missiles
 m - 6 boomerangs (quivered)
 y - a throwing net
Armour
 b - a +0 scale mail
 c - a +0 buckler (worn)
 f - a +1 hat (worn)
 r - a +0 chain mail (worn)
 t - a +0 pair of gloves (worn)
Jewellery
 e - a ring of protection from cold (left hand)
 l - a +6 ring of intelligence (right hand)
 n - a +6 ring of intelligence
 q - a ring of ice
Wands
 u - a wand of mindburst (12)
 w - a wand of polymorph (10)
 z - a wand of digging (5)
Scrolls
 i - 2 scrolls of fear
 k - 2 scrolls of immolation
 x - 2 scrolls of fog
Potions
 d - a potion of might
 g - 2 potions of mutation {unknown}
 h - 3 potions of curing
 j - a potion of heal wounds
 o - 2 potions of invisibility
 p - 3 potions of degeneration
 s - 2 potions of lignification {unknown}
 v - 3 potions of cancellation {unknown}


   Skills:
 - Level 3.6 Fighting
 + Level 14.4 Axes
 - Level 3.6 Armour
 - Level 3.6 Shields


You had 8 spell levels left.
You didn't know any spells.
Your spell library contained the following spells:

 Spells                   Type           Power      Damage    Failure   Level
 Lesser Beckoning         Tloc           0%         N/A       97%         2
 Gell's Gravitas          Tloc           0%         N/A       99%         3
 Stone Arrow              Conj/Erth      0%         3d7       99%         3
 Teleport Other           Tloc           0%         N/A       99%         3
 Yara's Violent Unravell  Hex/Tmut       0%         3d3       100%        5


Dungeon Overview and Level Annotations

Branches:
Dungeon (7/15)             Temple (1/1) D:7

Altars:
Ashenzari
Dithmenos
Elyvilon
Gozag
Hepliaklqana
Kikubaaqudgha
Makhleb
Nemelex Xobeh
Okawaru
Qazlal
Ru
Sif Muna
Trog
Uskayaw
Vehumet
Wu Jian
Xom
Yredelemnul
Zin
The Shining One

Shops:
D:4 ?

Annotations:
D:7 Maggie
Temple 2 transporters


Innate Abilities, Weirdness & Mutations

You have a pair of horns on your head.
You reflexively headbutt those who attack you in melee.


Message History

Maggie points at you and mumbles some strange words.
The bolt of fire hits you! Maggie barely misses you.
You barely miss Maggie. You headbutt Maggie, but do no damage.
Maggie hits you but does no damage.
You closely miss Maggie. Maggie hits you but does no damage.
You closely miss Maggie.
Maggie hits you with a +2 morningstar of flaming.
Maggie burns you.
Maggie points at you and mumbles some strange words.
The bolt of fire hits you!!
You closely miss Maggie. You headbutt Maggie.
Maggie is lightly wounded.
Maggie hits you with a +2 morningstar of flaming!
* * * LOW HITPOINT WARNING * * *
Maggie burns you.
* * * LOW HITPOINT WARNING * * *
You closely miss Maggie.
Maggie is lightly wounded.
Maggie mumbles some strange words.
Maggie attempts to bespell you!
You are mesmerised by Maggie!
You hit Maggie but do no damage.
Maggie is lightly wounded.
Maggie mumbles some strange words.
Maggie draws you further into her thrall.
You closely miss Maggie.
Maggie is lightly wounded.
Maggie barely misses you. You furiously retaliate!
You headbutt Maggie! You slash Maggie! Your headbutt misses Maggie.
Maggie is heavily wounded.
Maggie closely misses you.
You slash Maggie!
Maggie is severely wounded.
Maggie says, "Leave now, and tell all of Margery's mercy!"
Maggie barely misses you.
Maggie hits you with a +2 morningstar of flaming!
* * * LOW HITPOINT WARNING * * *
Maggie burns you.
You die...

#... #....# #.##..##
#.##.#.. #....... #
#+# #.....# #.#. #.#
#...... #...#####.#
###......
#..@@....##...#......
#...####...#.#
#####.. #...
#......#.######.
#.....
##.....#....###. #..
....###.#######.....
#.
...........#....####
# ...####.##.#.####
...#####.##.#.#
#........##...#


You could see Maggie (mesmerising).

Vanquished Creatures
  Pikel (D:7)
  2 sky beasts
  2 ice beasts
  An ogre (D:6)
  2 lemures (D:7)
  A phantom (D:6)
  A kobold brigand (D:6)
  5 scorpions
  2 bullfrogs (D:7)
  4 wights (D:6)
  2 jellies
  2 hounds (D:6)
  2 orc priests (D:4)
  A sleepcap (D:6)
  4 iguanas
  3 orc wizards
  4 gnolls (D:6)
  6 adders
  A white imp (D:7)
  2 ufetubi
  16 orcs
  5 endoplasms
  3 giant cockroaches
  5 goblins
  8 hobgoblins
  4 jackals (D:3)
  3 quokkas
  3 ball pythons
  3 bats
  4 frilled lizards
  12 kobolds
  3 rats
117 creatures vanquished.

Notes
Turn   | Place    | Note
-------+----------+-------------------------------------------
     0 | D:1      | bmack86 the Minotaur Fighter began the quest for the Orb.
     0 | D:1      | Reached XP level 1. HP: 19/19 MP: 0/0
    47 | D:1      | Got the Elucidation of the Switch and Battling
    73 | D:1      | Reached skill level 3 in Axes
   177 | D:1      | Reached XP level 2. HP: 26/26 MP: 1/1
   710 | D:2      | Upgraded the game from 0.31-a0-331-geda263fcf1 to
                  | 0.31-a0-339-gda1cbd555d
   714 | D:2      | Found a broken altar of Ashenzari.
   748 | D:2      | Reached skill level 4 in Axes
   755 | D:2      | Found a faded altar of an unknown god.
   864 | D:2      | Reached XP level 3. HP: 26/31 MP: 2/2
  1238 | D:2      | Reached skill level 5 in Axes
  1499 | D:3      | Reached XP level 4. HP: 38/39 MP: 3/3
  1711 | D:3      | Found a bloodstained altar of Trog.
  2079 | D:3      | Identified the +3 leather armour "Uppuv" {Dex+5 Stlth+}
  2267 | D:3      | Noticed a scorpion
  2269 | D:3      | Killed a scorpion
  2270 | D:3      | Reached skill level 6 in Axes
  2270 | D:3      | Reached XP level 5. HP: 38/45 MP: 4/4
  2465 | D:4      | Found Beodwiggeck's Magic Scroll Shop.
  2473 | D:4      | Bought a scroll of identify for 28 gold pieces
  2926 | D:4      | Reached skill level 7 in Axes
  3242 | D:4      | Reached XP level 6. HP: 43/51 MP: 5/5
  3390 | D:3      | Became a worshipper of Trog the Wrathful
  3426 | D:5      | Entered Level 5 of the Dungeon
  3433 | D:5      | Reached skill level 8 in Axes
  3656 | D:5      | Reached skill level 9 in Axes
  3695 | D:5      | Found a glowing silver altar of Zin.
  3695 | D:5      | Found a shadowy altar of Dithmenos.
  3695 | D:5      | Found a shimmering altar of Xom.
  3701 | D:5      | Found an ancient bone altar of Kikubaaqudgha.
  3704 | D:5      | Found a broken altar of Ashenzari.
  3706 | D:5      | Found a hazy altar of Hepliaklqana.
  3710 | D:5      | Found a sparkling altar of Nemelex Xobeh.
  3711 | D:5      | Found a white marble altar of Elyvilon.
  3962 | D:5      | Reached XP level 7. HP: 50/57 MP: 6/6
  4370 | D:6      | Reached skill level 10 in Axes
  4437 | D:6      | Identified the +8 short sword "Ynateumm" {heavy, *Noise
                  | rF+++ rC+ Int-5}
  4598 | D:6      | Reached * piety under Trog
  4599 | D:6      | Reached skill level 11 in Axes
  4661 | D:6      | Reached XP level 8. HP: 42/64 MP: 7/7
  4697 | D:6      | Reached skill level 12 in Axes
  5618 | D:7      | Found a staircase to the Ecumenical Temple.
  5661 | Temple   | Found a transporter.
  5661 | Temple   | Found a transporter.
  5661 | Temple   | Found a transporter.
  5661 | Temple   | Found a transporter.
  5661 | Temple   | Entered the Ecumenical Temple
  5704 | D:7      | Noticed Pikel
  5711 | D:7      | Killed Pikel
  5712 | D:7      | Reached skill level 14 in Axes
  5712 | D:7      | Reached XP level 9. HP: 66/70 MP: 8/8
  6055 | D:7      | Noticed Maggie
  6066 | D:7      | HP: 3/70 [Maggie/+2 morningstar of flaming (12)]
  6066 | D:7      | Slain by Maggie

Illustrated notes

Levels and vault maps discovered:
D:1:      dpeg_arrival_arbitrary_b, layout_loops_cross
D:2:      layout_basic, basic_ecumenical_altar, basic_altar,
          kennysheep_generic_room_2
D:3:      layout_loops_corners, nicolae_overflow_hidden_temple,
          minmay_door_square, chequers_decorated_corner
D:4:      layout_loops_corners, serial_shops, shop
D:5:      layout_gridville, nicolae_overflow_hallway_of_the_gods,
          grunt_ministairs_15
D:6:      layout_basic, nicolae_houndstooth_variations
D:7:      layout_loops_corners, minmay_temple_entry_slanted, uniq_menkaure,
          uniq_pikel, uniq_maggie
Temple:   hellmonk_temple_divided_pantheon

Skill      XL: |  1  2  3  4  5  6  7  8 |
---------------+-------------------------+-----
Axes           | 3 4 5 6 7 9 11 14 | 14.4
Fighting       | |  3.6
Armour         | |  3.6
Shields        | |  3.6

Action                     |  1- 3 |  4- 6 |  7- 9 || total
---------------------------+-------+-------+-------++-------
  Melee: War axe           |    69 |   100 |   152 ||   321
         Headbutt          |    14 |    12 |    18 ||    44
  Throw: Boomerang         |       |     7 |     7 ||    14
    Use: Scroll            |       |     7 |     4 ||    11
         Potion            |       |       |     1 ||     1
 Armour: Scale mail        |    33 |     5 |       ||    38
         Chain mail        |       |    28 |    67 ||    95
  Dodge: Dodged            |    43 |    32 |    52 ||   127
  Block: Buckler           |    21 |    16 |    28 ||    65

Table legend: (Time is in decaauts)
 A = Elapsed time spent in this place.
 B = Non-inter-level travel time spent in this place.
 C = Inter-level travel time spent in this place.
 D = Time resting spent in this place.
 E = Time spent auto-exploring this place.
 F = Levels seen in this place.
 G = Mean time per level.
                   A        B        C        D        E       F      G
               +--------+--------+--------+--------+--------+-----+--------+
         Total |   6121 |   6006 |    115 |    139 |   4671 |   8 |  765.1 |
       Dungeon |   6119 |   6004 |    115 |    139 |   4671 |   7 |  874.1 |
        Temple |      1 |      1 |      0 |      0 |      0 |   1 |    1.0 |
               +--------+--------+--------+--------+--------+-----+--------+

Top non-repeatable levels by time:
     D:6: 1228 daAuts
     D:3: 1059 daAuts
     D:5: 938 daAuts
     D:4: 935 daAuts
     D:2: 747 daAuts
     D:1: 716 daAuts
     D:7: 493 daAuts
  Temple: 1 daAuts
